 Dungeon Crawl Stone Soup version 0.29-a0-284-gf9362112df (webtiles) character file.

Game seed: 9224575689348834240

572 rabbitsville the Shooter (level 7, 0/33 HPs)
             Began as a Spriggan Hunter on Mar 16, 2022.
             Slain by a killer bee (6 damage)
             ... on level 4 of the Dungeon.
             The game lasted 00:18:12 (3626 turns).

rabbitsville the Shooter (Spriggan Hunter)          Turns: 3626, Time: 00:18:13

Health: 0/33       AC:  2    Str:  7    XL:     7   Next: 12%
Magic:  8/8        EV: 21    Int: 17    God:
Gold:   148        SH:  0    Dex: 20    Spells: 6/6 levels left

rFire   . . .      SeeInvis +   a - +1 shortbow
rCold   + . .      Faith    .   (shield currently unavailable)
rNeg    . . .      Spirit   .   b - +0 robe
rPois   .          Reflect  .   (helmet restricted)
rElec   .          Harm     .   (no cloak)
rCorr   .          Rampage  .   (gloves unavailable)
Will    +....                   (boots unavailable)
Stlth   ++++......              (no amulet)
HPRegen 0.11/turn               o - +6 ring of intelligence
MPRegen 0.11/turn               t - ring of protection from cold

@: very quick
A: very small, no large weapons, unfitting armour, see invisible, speed 3
a: no special abilities


You were on level 4 of the Dungeon.
You visited 1 branch of the dungeon, and saw 5 of its levels.

You collected 148 gold pieces.

Inventory:

Hand Weapons
 a - a +1 shortbow (weapon)
 e - a +0 dagger
Armour
 b - a +0 robe (worn)
Jewellery
 o - a +6 ring of intelligence (left hand)
 t - a ring of protection from cold (right hand)
 u - a +6 ring of strength
Wands
 v - a wand of flame (19)
Scrolls
 c - 3 scrolls of immolation
 h - 2 scrolls of identify {unknown}
 j - 2 scrolls of fog {unknown}
 l - 2 scrolls of vulnerability {unknown}
 m - a scroll of blinking {unknown}
 n - a scroll of fear {unknown}
 s - a scroll of holy word {unknown}
 w - a scroll of summoning {unknown}
Potions
 d - a potion of resistance {unknown}
 f - a potion of mutation {unknown}
 g - a potion of degeneration {unknown}
 i - a potion of attraction {unknown}
 k - 2 potions of flight
 p - a potion of lignification
 q - 4 potions of curing
 r - 2 potions of berserk rage {unknown}


   Skills:
 - Level 1.5 Fighting
 + Level 7.1 Bows
 + Level 6.3 Dodging
 + Level 6.9 Stealth


You had 6 spell levels left.
You didn't know any spells.
Your spell library contained the following spells:

 Spells                   Type           Power      Damage    Failure   Level
 Animate Skeleton         Necr           0%         N/A       24%         1
 Pain                     Necr           0%         1d4       24%         1
 Sandblast                Erth           0%         2d4       24%         1
 Passwall                 Tmut/Erth      0%         N/A       34%         2
 Stone Arrow              Conj/Erth      0%         3d7       56%         3
 Vampiric Draining        Necr           0%         2d6       56%         3


Dungeon Overview and Level Annotations

Branches:
Dungeon (5/15)
 Temple: D:4-7

Altars:
Wu Jian

Shops:
D:5 :

Annotations:
D:3 1 runed translucent door, spaghetti's ghost, weakling OgBe


Innate Abilities, Weirdness & Mutations

You are very small and have problems with some larger weapons.
You are too small for most types of armour.
You have supernaturally acute eyesight. (SInv)
You cover ground extremely quickly. (Speed+++)


Message History

Press: ? - help, Q - select action, (/) - cycle Shift-Dir - straight line, f/p - killer bee
Aim: a killer bee (42% to hit)
You shoot an arrow. The arrow barely misses the killer bee.
The killer bee barely misses you. The killer bee closely misses you.
The killer bee closely misses you.
The killer bee attacks as you move away!
The killer bee completely misses you. The killer bee misses you.
The killer bee attacks as you move away!
The killer bee barely misses you.
The killer bee attacks as you move away!
The killer bee misses you. The killer bee completely misses you.
The killer bee attacks as you move away!
The killer bee completely misses you. The killer bee stings you.
The killer bee attacks as you move away!
The killer bee completely misses you.
The killer bee attacks as you move away!
The killer bee stings you. The killer bee closely misses you.
The killer bee attacks as you move away!
The killer bee completely misses you.
The killer bee attacks as you move away!
The killer bee stings you!
* * * LOW HITPOINT WARNING * * *
The killer bee attacks as you move away!
The killer bee misses you. The killer bee closely misses you.
There is a stone staircase leading up here.
The killer bee completely misses you. The killer bee misses you.
You climb upwards.
There is a stone staircase leading down here.
The killer bee attacks as you move away!
The killer bee misses you. The killer bee stings you.
* * * LOW HITPOINT WARNING * * *
The killer bee attacks as you move away!
The killer bee misses you.
The killer bee attacks as you move away!
The killer bee stings you.
You die...

##..#####..##..#.# #..### #####.
##.....##.##.##.###..# #.....
#####....>..##.##..## #.....
#####..##.##o.#.....#######.....
#...........................)...
...###.###...#...[........##.....
# #..# ###.#...#..#####..#>....
##.## #...#y..## ##.#####.
####..#######...@#### ##..###..
.....##................^.........
.######..####.#.....###########..
.# ##..........#... #.. .#
######.##...##..# #.. .###
###..##.#... .. #.. ...####
#....##รท#### . #.. ##....#
#...###.# ... ####.####..## #..


You could see a killer bee and an orc wizard.

Vanquished Creatures
  An ogre (D:5)
  A phantom (D:5)
  2 necrophages (D:5)
  A killer bee (D:5)
  3 hounds
  3 adders
  2 ufetubi
  6 worms
  2 dart slugs (D:1)
  3 orcs
  10 ball pythons
  3 endoplasms
  2 giant cockroaches (D:4)
  12 hobgoblins
  5 quokkas
  9 bats
  10 frilled lizards
  10 goblins
  8 kobolds
  10 rats
103 creatures vanquished.

Notes
Turn   | Place    | Note
-------+----------+-------------------------------------------
     0 | D:1      | rabbitsville the Spriggan Hunter began the quest for the
                  | Orb.
     0 | D:1      | Reached XP level 1. HP: 10/10 MP: 2/2
    10 | D:1      | Found a faded altar of an unknown god.
    91 | D:1      | Reached skill level 5 in Bows
   124 | D:1      | Reached XP level 2. HP: 14/14 MP: 3/3
   747 | D:1      | Reached XP level 3. HP: 7/18 MP: 4/4
  1016 | D:2      | Found an ornate altar of the Wu Jian Council.
  1599 | D:3      | Reached XP level 4. HP: 22/22 MP: 5/5
  1795 | D:3      | Found a runed translucent door.
  1795 | D:3      | Noticed spaghetti's ghost (weakling OgBe)
  2692 | D:4      | Reached skill level 6 in Bows
  2692 | D:4      | Reached XP level 5. HP: 19/25 MP: 6/6
  2887 | D:5      | Entered Level 5 of the Dungeon
  2957 | D:5      | Reached skill level 5 in Stealth
  2988 | D:5      | Reached skill level 5 in Dodging
  2988 | D:5      | Reached XP level 6. HP: 20/30 MP: 7/7
  3014 | D:5      | Found Pufrol's Book Emporium.
  3298 | D:5      | Reached skill level 7 in Bows
  3572 | D:5      | Reached XP level 7. HP: 33/33 MP: 8/8
  3626 | D:4      | Slain by a killer bee

Illustrated notes

Levels and vault maps discovered:
D:1:      mrwooster_arrival_arrow, layout_basic,
          hellmonk_ecumenical_altar_pennies_from_heaven
D:2:      layout_basic, basic_altar, serial_bayou_pond_e
D:3:      cheibrodos_greedy_goblins, layout_basic,
          hellmonk_ghost_happy_afterlife, minmay_misc_feat_room
D:4:      layout_rooms
D:5:      layout_cave_pools, nicolae_ashenzari_skybound,
          minmay_temple_entry_trees, serial_glass, glass_columns_b,
          glass_columns_b, serial_shops, nicolae_diamond_shop

Skill      XL: |  1  2  3  4  5  6 |
---------------+-------------------+-----
Stealth        | 2 3 4 5 6 |  6.9
Bows           | 5 6 7 |  7.1
Dodging        | 3 4 5 6 |  6.3
Fighting       | |  1.5

Action                   |  1- 3 |  4- 6 |  7- 9 || total
-------------------------+-------+-------+-------++-------
Melee: Dagger            |     5 |    29 |       ||    34
 Fire: Shortbow          |   111 |   172 |     6 ||   289
  Use: Potion            |       |     4 |       ||     4
Armor: Robe              |     2 |     2 |       ||     4
       Skin              |       |     8 |       ||     8
Dodge: Dodged            |    29 |    88 |    23 ||   140

Table legend: (Time is in decaauts)
 A = Elapsed time spent in this place.
 B = Non-inter-level travel time spent in this place.
 C = Inter-level travel time spent in this place.
 D = Time resting spent in this place.
 E = Time spent auto-exploring this place.
 F = Levels seen in this place.
 G = Mean time per level.
                   A        B        C        D        E       F      G
               +--------+--------+--------+--------+--------+-----+--------+
         Total |   2741 |   2723 |     18 |    658 |    980 |   5 |  548.2 |
       Dungeon |   2741 |   2723 |     18 |    658 |    980 |   5 |  548.2 |
               +--------+--------+--------+--------+--------+-----+--------+

Top non-repeatable levels by time:
     D:1: 735 daAuts
     D:3: 669 daAuts
     D:5: 635 daAuts
     D:2: 414 daAuts
     D:4: 286 daAuts
